 Dungeon Sprint DCSS version 0.16-a0-3841-g2612308 (console) character file.

105 Monkaria the Cleaver (level 4, -3/47 HPs)
             Began as a Hill Orc Fighter on Jan 30, 2015.
             Was a Believer of Makhleb.
             Slain by Grinder (4 damage)
             ... in the Dungeon (Sprint VII: "The Pits").
             The game lasted 00:00:57 (408 turns).

Monkaria the Cleaver (Hill Orc Fighter)              Turns: 408, Time: 00:00:58

Health: -3/47      AC:  6    Str: 19    XL:     4   Next: 83%
Magic:  4/4        EV:  7    Int: -2 (8) God:    Makhleb [**....]
Gold:   0          SH:  9    Dex: 10    Spells: 0 memorised, 3 levels left

rFire  . . .     SeeInvis .     a - +0 war axe
rCold  . . .     Clarity  .     b - +0 scale mail
rNeg   . . .     SustAb   .     c - +0 shield
rPois  .         Gourm    .     (no helmet)
rElec  .         Spirit   .     (no cloak)
rCorr  .         Warding  .     (no gloves)
rMut   .         NoTele   +     (no boots)
MR     .....                    (no amulet)
Stlth  ..........               (no ring)
                                (no ring)

@: lost intelligence, very slow, not resistant to hostile enchantments,
extremely unstealthy
A: no striking features
a: Minor Destruction, Renounce Religion


You were in the Dungeon.
You worshipped Makhleb.
Makhleb was pleased with you.
You were not hungry.

You visited 1 branch

Inventory:

Hand weapons
 a - a +0 war axe (weapon)
Armour
 b - a +0 scale mail (worn)
 c - a +0 shield (worn)
Scrolls
 k - a scroll of blinking
 o - 3 scrolls of remove curse
 p - 5 scrolls of amnesia
 q - a scroll of summoning
 r - 2 scrolls of vulnerability
Potions
 e - a potion of might
 g - a potion of heal wounds
 h - a potion of haste
 i - 4 potions of magic
 j - 3 potions of berserk rage
 n - 2 potions of invisibility
Comestibles
 d - 8 meat rations
 l - 40 fruits
 m - 7 bread rations


   Skills:
 + Level 7.2 Fighting
 * Level 10.0 Axes
 - Level 3.2 Armour
 - Level 3.2 Shields


You had 3 spell levels left.
You didn't know any spells.

Dungeon Overview and Level Annotations

Branches:
Dungeon (1/1)

Altars:
Ashenzari
Cheibriados
Dithmenos
Elyvilon
Fedhas
Gozag
Kikubaaqudgha
Makhleb
Nemelex Xobeh
Okawaru
Qazlal
Ru
Sif Muna
Trog
Vehumet
Xom
Yredelemnul
Zin
The Shining One
Beogh
Jiyva
Lugonu

Annotations:
D Grinder


Message History

Your shield and scale mail prevent you from hitting Grinder.
You closely miss the orc. You hit the river rat but do no damage.
The orc hits you but does no damage. The river rat bites you.
Grinder gestures at you. Pain shoots through your body!
You block the orc's attack.
The river rat bites you but does no damage.
Grinder hits you.
You hit the river rat.
The river rat is moderately wounded.
You hit the orc.
The orc is moderately wounded.
You closely miss Grinder. The orc hits you with a hand axe.
The river rat bites you. Grinder hits you.
* * * LOW HITPOINT WARNING * * *
You writhe in agony.
* * * LOW HITPOINT WARNING * * *
You block the orc's attack. You block the river rat's attack. Grinder hits you.
* * * LOW HITPOINT WARNING * * *
You writhe in agony.
You die...

#.รท........)'.........
#+#####'#####......#..
#..#..# #.........
#..'..# ####'#####
#..#### #.......#
#..#..# #.......#
#..#..# #.......#
##'#o.#+###...<...#
#..@ro...##.......#
#...5....##.......#
###########.......#
#########


You could see Grinder, a river rat and 2 orcs.

Vanquished Creatures
  A brain worm (D)
  A worker ant (D)
  An adder (D)
  A giant mite (D)
  A bat (D)
  A kobold (D)
6 creatures vanquished.

Notes
Turn   | Place    | Note
--------------------------------------------------------------
     0 | D        | Monkaria, the Hill Orc Fighter, began the quest for the Orb.
     0 | D        | Reached XP level 1. HP: 19/19 MP: 1/1
    38 | D        | Found a sacrificial altar of Ru.
    38 | D        | Found a basalt altar of Yredelemnul.
    38 | D        | Found a glowing golden altar of the Shining One.
    38 | D        | Found a deep blue altar of Sif Muna.
    38 | D        | Found a burning altar of Makhleb.
    38 | D        | Found an ancient bone altar of Kikubaaqudgha.
    38 | D        | Found a glowing silver altar of Zin.
    39 | D        | Found a shadowy altar of Dithmenos.
    39 | D        | Found a bloodstained altar of Trog.
    39 | D        | Found a shattered altar of Ashenzari.
    39 | D        | Found a white marble altar of Elyvilon.
    39 | D        | Found a snail-covered altar of Cheibriados.
    39 | D        | Found a blossoming altar of Fedhas.
    39 | D        | Found a radiant altar of Vehumet.
    39 | D        | Found a shimmering altar of Xom.
    39 | D        | Found a sparkling altar of Nemelex Xobeh.
    39 | D        | Found a corrupted altar of Lugonu.
    39 | D        | Found a viscous altar of Jiyva.
    39 | D        | Found a roughly hewn altar of Beogh.
    39 | D        | Found an iron altar of Okawaru.
    44 | D        | Found a stormy altar of Qazlal.
    44 | D        | Found an opulent altar of Gozag.
    51 | D        | Became a worshipper of Makhleb the Destroyer
    58 | D        | Noticed a worker ant
    68 | D        | Killed a worker ant
    68 | D        | Reached skill level 5 in Fighting
    68 | D        | Reached skill level 6 in Axes
    68 | D        | Reached XP level 2. HP: 16/29 MP: 2/2
    73 | D        | Acquired Makhleb's first power
    73 | D        | Reached skill level 7 in Axes
    73 | D        | Reached XP level 3. HP: 18/36 MP: 3/3
   258 | D        | Noticed a brain worm
   271 | D        | Lost intelligence.
   275 | D        | Killed a brain worm
   275 | D        | Reached skill level 9 in Axes
   275 | D        | Reached XP level 4. HP: 28/47 MP: 4/4
   293 | D        | Acquired Makhleb's second power
   293 | D        | Reached skill level 10 in Axes
   406 | D        | Noticed Grinder
   408 | D        | HP: 1/47 [Grinder (4)]
   408 | D        | Slain by Grinder

Action                   |  1- 3 |  4- 6 || total
-------------------------+-------+-------++-------
Melee: War axe           |    32 |    11 ||    43
  Use: Potion            |     1 |       ||     1
